AoeStats
← Joey_did_it

Arena

510216338Analyzed
1v1 RM · 14h ago on Sep 30, 2026· 49m 39s· 2 players
Game mode
Random Map
Map size
Tiny (2 player)
Population
200
Speed
Normal
Resources
Standard
Victory
Conquest
Starting age
Dark Age
Ending age
Imperial Age
RankedLock teamsTeams togetherTeam positionsShared explorationLock speedFull tech treeHidden civsTurbo modeCheats
Victory
Defeat
🇲🇽 Khmer · Mexico
802
+15
🇺🇸 Sicilians · United States
780
-35
Joey_did_it
16:49 Feudal Age
18:42 Wheelbarrow
20:10 Horse Collar
20:28 Double-Bit Axe
23:09 Gold Mining
31:50 Castle Age
34:10 Hand Cart
Rogeraise
4:03 Loom
10:48 Feudal Age
9:54 Loom
14:39 Castle Age
18:28 Double-Bit Axe
20:07 Bloodlines
20:29 Horse Collar
23:24 Gold Mining
24:46 Heavy Plow
27:11 Wheelbarrow
26:37 Pikeman
27:26 Scale Barding Armor
27:32 Forging
27:53 Bow Saw
28:51 Chain Barding Armor
28:34 Padded Archer Armor
28:24 Fletching
29:01 Husbandry
29:52 Loom
29:40 Light Cavalry
31:01 Iron Casting
30:44 Town Watch
30:27 Elite Skirmisher
35:01 Imperial Age
32:56 Hand Cart
32:47 Stone Mining
33:33 Gold Shaft Mining
33:22 Tusk Swords
34:51 Leather Archer Armor
34:32 Bodkin Arrow
34:37 Scale Mail Armor
34:48 Town Patrol
34:40 Arson
36:04 Ballistics
35:55 Masonry
36:59 Chemistry
36:52 Conscription
36:33 Capped Ram
37:08 Elite Ballista Elephant
38:03 Bracer
38:34 Ring Archer Armor
38:52 Crop Rotation
38:54 Double Crossbow
40:02 Plate Barding Armor
39:41 Siege Ram
41:47 Parthian Tactics
40:47 Heavy Cavalry Archer
45:30 Architecture
47:57 Stone Shaft Mining
46:46 Crossbowman
47:35 Sappers
47:30 Spies/Treason
Connection lost

Rejoining the realm…

Still unreachable

The connection could not be restored.

Session expired

The server has moved on; the page needs a fresh start.